[Event "GER-ch Youth U10 2020"]
[Site "Willingen"]
[Date "2020.10.30"]
[Round "6.25"]
[White "Hellenbroich, Hanno"]
[Black "Ehrath, Hendrik"]
[Result "1-0"]
[ECO "C54"]
[WhiteElo "1291"]
[BlackElo "1193"]
[Annotator "NA RC"]
[PlyCount "77"]
[EventDate "2020.10.27"]
[EventType "swiss"]
[EventRounds "7"]
[EventCountry "GER"]
[SourceTitle "playchess.com"]
[Source "ChessBase"]
[SourceQuality "1"]
[TimeControl "40/4500+30:900+30"]

1. e4 e5 2. Nf3 Nc6 3. Bc4 Bc5 4. c3 Nf6 5. d3 d6 6. O-O a6 7. Bb3 Ba7 8. d4 Bg4 9. d5 Ne7 10. Bc2 O-O 11. Nbd2 Ng6 12. h3 Bd7 13. Re1 Qc8 14. Nf1 Re8 15. Be3 h6 16. Bxa7 Rxa7 17. Ng3 Nf4 18. Kh2 Bxh3 19. Nf5 Bxf5 20. exf5 g6 21. g3 N4xd5 22. fxg6 Ng4+ 23. Kg2 Ngf6 24. gxf7+ Kxf7 25. Be4 c6 26. Bc2 Rg8 27. Kg1 Ke7 28. Nh4 Qh3 29. Ng2 Nh5 30. Qf3 Nhf4 31. Nxf4 Nxf4 32. Qxf4 Kd8 33. Qf6+ Kc7 34. Qf7+ Kb6 35. Qxg8 Kc5 36. b4+ Kb6 37. Qd8+ Kb5 38. Bd3+ Ka4 39. Qa5# 1-0

[Event "GER-ch Youth U10 2020"]
[Site "Willingen"]
[Date "2020.10.30"]
[Round "6.26"]
[White "Kamleiter, Noah"]
[Black "Gulamzada, Elmir"]
[Result "1-0"]
[ECO "C77"]
[WhiteElo "1573"]
[BlackElo "1397"]
[Annotator "NA RC"]
[PlyCount "101"]
[EventDate "2020.10.27"]
[EventType "swiss"]
[EventRounds "7"]
[EventCountry "GER"]
[SourceTitle "playchess.com"]
[Source "ChessBase"]
[SourceQuality "1"]
[TimeControl "40/4500+30:900+30"]

1. e4 e5 2. Nf3 Nc6 3. Bb5 a6 4. Ba4 Nf6 5. d4 exd4 6. O-O Be7 7. e5 Ne4 8. Re1 Nc5 9. Bxc6 dxc6 10. Nxd4 O-O 11. c3 Ne6 12. Be3 Nxd4 13. cxd4 Bf5 14. Qf3 Bg6 15. Nc3 Qd7 16. Rad1 Qf5 17. Qg3 Rad8 18. Rd2 Bh5 19. e6 Bd6 20. exf7+ Rxf7 21. Qh4 Re8 22. Rf1 Qg4 23. Qxg4 Bxg4 24. Bg5 h6 25. Bh4 g5 26. Bg3 Bxg3 27. hxg3 Rd7 28. f3 Bf5 29. Kf2 Kf7 30. Re1 Rxe1 31. Kxe1 g4 32. f4 h5 33. a4 Be6 34. a5 Bd5 35. Na4 Re7+ 36. Kf2 Bc4 37. b3 Bxb3 38. Nc5 Bd5 39. Nxb7 Ke6 40. Nc5+ Kd6 41. Nxa6 Re8 42. Nc5 Ra8 43. Re2 Bc4 44. Re5 Bf7 45. Ke3 Rb8 46. f5 Rb2 47. Kf4 Rxg2 48. f6 Rf2+ 49. Kg5 Rf3 50. Re7 Bc4 51. Rd7# 1-0

[Event "GER-ch Youth U10 2020"]
[Site "Willingen"]
[Date "2020.10.30"]
[Round "6.27"]
[White "Uyar, Levin"]
[Black "Allen, Phillipp"]
[Result "1-0"]
[ECO "C23"]
[WhiteElo "1471"]
[BlackElo "1250"]
[Annotator "NA RC"]
[PlyCount "91"]
[EventDate "2020.10.27"]
[EventType "swiss"]
[EventRounds "7"]
[EventCountry "GER"]
[SourceTitle "playchess.com"]
[Source "ChessBase"]
[SourceQuality "1"]
[TimeControl "40/4500+30:900+30"]

1. e4 e5 2. Nf3 Nc6 3. Bc4 Bc5 4. c3 d6 5. d4 exd4 6. cxd4 Bb6 7. O-O Bg4 8. Be3 Nf6 9. Bb5 O-O 10. Bxc6 bxc6 11. Nbd2 Re8 12. Qc2 Bxf3 13. Nxf3 Rxe4 14. Qxc6 Qe8 15. Qc2 Ng4 16. Ng5 Nxe3 17. fxe3 d5 18. Nxe4 Qxe4 19. Qxe4 dxe4 20. Rf4 Re8 21. a4 a5 22. Rc1 g6 23. Rc6 f5 24. g4 Rf8 25. Re6 Kh8 26. Rf1 Kg8 27. Kg2 Kg7 28. Re5 f4 29. Rxe4 fxe3 30. Rxf8 Kxf8 31. Kf3 e2 32. Kxe2 Kf7 33. Kd3 g5 34. Re5 Kf6 35. Rf5+ Kg6 36. Kc4 h5 37. h3 hxg4 38. hxg4 Kh6 39. d5 Kg6 40. b4 Kh6 41. bxa5 Bxa5 42. Kb5 Bb6 43. Rf6+ Kg7 44. Rxb6 cxb6 45. Kxb6 Kf6 46. d6 1-0

[Event "GER-ch Youth U10 2020"]
[Site "Willingen"]
[Date "2020.10.30"]
[Round "6.28"]
[White "Kutz, Paul Matti"]
[Black "Blumenthal Tuset, Sebastian"]
[Result "0-1"]
[ECO "B01"]
[WhiteElo "1242"]
[BlackElo "1453"]
[Annotator "NA RC"]
[PlyCount "79"]
[EventDate "2020.10.27"]
[EventType "swiss"]
[EventRounds "7"]
[EventCountry "GER"]
[SourceTitle "playchess.com"]
[Source "ChessBase"]
[SourceQuality "1"]
[TimeControl "40/4500+30:900+30"]

1. e4 d5 2. exd5 Qxd5 3. Nc3 Qd6 4. d4 Nf6 5. Bc4 Bg4 6. Nge2 e6 7. h3 Bh5 8. Bf4 Bxe2 9. Bxd6 Bxd1 10. Bxf8 Rxf8 11. Rxd1 c6 12. a4 Nbd7 13. O-O O-O-O 14. b4 Nd5 15. Bxd5 exd5 16. b5 Rfe8 17. Rb1 Kc7 18. Rb2 Rb8 19. Rfb1 Kd6 20. bxc6 bxc6 21. Rxb8 Rxb8 22. Rxb8 Nxb8 23. Kf1 a5 24. Ke2 Ke6 25. g4 f5 26. gxf5+ Kxf5 27. Kf3 h5 28. h4 Na6 29. Na2 Nc7 30. Nc3 Ne6 31. Ne2 g5 32. Ng3+ Kg6 33. Ne2 gxh4 34. Kg2 Kg5 35. Kh2 Kg4 36. Ng1 Nxd4 37. c3 Nf3+ 38. Nxf3 Kxf3 39. Kh1 Kxf2 40. Kh2 0-1

[Event "GER-ch Youth U10 2020"]
[Site "Willingen"]
[Date "2020.10.30"]
[Round "6.29"]
[White "Peters, Lasse"]
[Black "Yin, Vito"]
[Result "1-0"]
[ECO "C45"]
[WhiteElo "1223"]
[BlackElo "1320"]
[Annotator "NA RC"]
[PlyCount "135"]
[EventDate "2020.10.27"]
[EventType "swiss"]
[EventRounds "7"]
[EventCountry "GER"]
[SourceTitle "playchess.com"]
[Source "ChessBase"]
[SourceQuality "1"]
[TimeControl "40/4500+30:900+30"]

1. e4 e5 2. Nf3 Nc6 3. d4 exd4 4. Nxd4 Bc5 5. Be3 Qf6 6. c3 Qg6 7. f3 Nf6 8. Qd2 Nxd4 9. cxd4 Bb6 10. Nc3 d6 11. Bd3 Nd7 12. Rc1 c5 13. d5 a6 14. e5 f5 15. exf6 Qxf6 16. O-O Ne5 17. Ne4 Qd8 18. Bb1 Qc7 19. Kh1 Bd7 20. f4 Nf7 21. Qc3 g6 22. Rfe1 Ba5 23. Nxd6+ Qxd6 24. Qxa5 O-O 25. Qxc5 Qxc5 26. Bxc5 Rfc8 27. Bd4 Nh6 28. Rxc8+ Rxc8 29. h3 b5 30. g4 Rc4 31. Rd1 a5 32. d6 a4 33. a3 b4 34. axb4 Rxb4 35. Ba2+ Kf8 36. Kg2 Nf7 37. Bxf7 Kxf7 38. Be5 Ke6 39. Kg3 Rb3+ 40. Kh4 Rb6 41. Kg5 Kf7 42. h4 Kg8 43. h5 Kf7 44. hxg6+ hxg6 45. f5 gxf5 46. gxf5 Rb5 47. Re1 Rb3 48. Rf1 Rb5 49. Re1 Rb3 50. Kf4 Rb4+ 51. Re4 Rb3 52. Bc3 Rb5 53. Re7+ Kf8 54. Rxd7 Rc5 55. f6 Rh5 56. Ke4 Rc5 57. Be5 Rb5 58. Kf5 Rb8 59. Ra7 Rc8 60. Rxa4 Rc2 61. b3 Rf2+ 62. Ke6 Kg8 63. d7 Kh7 64. d8=Q Kg6 65. Qg8+ Kh5 66. Ra1 Rxf6+ 67. Kxf6 Kh4 68. Rh1# 1-0

[Event "GER-ch Youth U10 2020"]
[Site "Willingen"]
[Date "2020.10.31"]
[Round "7.1"]
[White "Herrmann, Jakob"]
[Black "Besou, Hussain"]
[Result "0-1"]
[ECO "B34"]
[WhiteElo "1504"]
[BlackElo "1825"]
[Annotator "NA RC"]
[PlyCount "52"]
[EventDate "2020.10.27"]
[EventType "swiss"]
[EventRounds "7"]
[EventCountry "GER"]
[SourceTitle "playchess.com"]
[Source "ChessBase"]
[SourceQuality "1"]
[TimeControl "40/4500+30:900+30"]

1. e4 c5 2. Nf3 Nc6 3. d4 cxd4 4. Nxd4 g6 5. Nc3 Bg7 6. Be3 Nf6 7. f3 O-O 8. Bc4 Qb6 9. Qd2 (9. Bb3 $11) 9... Nxe4 10. fxe4 Bxd4 11. Bxd4 Qxd4 12. Qe2 a6 13. Bd3 d6 14. O-O-O Qe5 15. Rdf1 (15. h4 $17 {keeps fighting.}) 15... b5 16. Kb1 Be6 17. g4 (17. Rd1 {keeps fighting.}) 17... Nd4 18. Qg2 $17 b4 19. Nd1 a5 20. Ne3 a4 21. Bc4 Bxc4 22. Nxc4 Qe6 23. Nb6 Ra7 24. Qd2 Qxe4 25. Re1 Nf3 26. Rxe4 Nxd2+ 0-1

[Event "GER-ch Youth U10 2020"]
[Site "Willingen"]
[Date "2020.10.31"]
[Round "7.2"]
[White "Neuhoff, Laertes"]
[Black "Buchinger, Alexis"]
[Result "1-0"]
[ECO "C55"]
[WhiteElo "1655"]
[BlackElo "1496"]
[Annotator "NA RC"]
[PlyCount "119"]
[EventDate "2020.10.27"]
[EventType "swiss"]
[EventRounds "7"]
[EventCountry "GER"]
[SourceTitle "playchess.com"]
[Source "ChessBase"]
[SourceQuality "1"]
[TimeControl "40/4500+30:900+30"]

1. e4 e5 2. Nf3 Nc6 3. d4 exd4 4. Bc4 Nf6 5. e5 d5 6. Bb5 Nd7 7. O-O Be7 8. Bxc6 bxc6 9. Nxd4 Nb8 10. Nc3 O-O 11. f4 f6 12. Nf3 Ba6 13. Re1 Bc5+ 14. Be3 Bb4 15. a3 Bxc3 16. bxc3 Bc4 17. e6 Re8 18. f5 Qd6 19. Nd2 Qe5 20. Nxc4 dxc4 21. Qf3 Qxc3 22. Rad1 Qxa3 23. e7 Qxe7 24. Bf2 Qf7 25. Rxe8+ Qxe8 26. Qf4 a5 27. Qxc7 Na6 28. Qxa5 Qe2 29. Rd8+ Rxd8 30. Qxd8+ Kf7 31. Qd7+ Kf8 32. h3 Qe8 33. Qb7 Nb8 34. Bc5+ Kg8 35. Bd6 Nd7 36. Qxc6 h6 37. Qxc4+ Kh7 38. Qe6 Qd8 39. Qe7 Qxe7 40. Bxe7 Ne5 41. Kf2 g6 42. Bxf6 Nd7 43. fxg6+ Kxg6 44. Bd4 Kf5 45. Ke3 h5 46. c4 Nb8 47. c5 Nc6 48. Bc3 Kg5 49. Kf3 h4 50. Bd2+ Kf5 51. Bc3 Nb8 52. Be1 Kg5 53. Ke4 Na6 54. Kd5 Nc7+ 55. Kd6 Nb5+ 56. Kd7 Nd4 57. c6 Nxc6 58. Kxc6 Kh5 59. Kd5 Kg5 60. Ke5 1-0

[Event "GER-ch Youth U10 2020"]
[Site "Willingen"]
[Date "2020.10.31"]
[Round "7.3"]
[White "Lu, Yunong Elias"]
[Black "Goldmann, David"]
[Result "1/2-1/2"]
[ECO "B21"]
[WhiteElo "1521"]
[BlackElo "1644"]
[Annotator "NA RC"]
[PlyCount "116"]
[EventDate "2020.10.27"]
[EventType "swiss"]
[EventRounds "7"]
[EventCountry "GER"]
[SourceTitle "playchess.com"]
[Source "ChessBase"]
[SourceQuality "1"]
[TimeControl "40/4500+30:900+30"]

1. e4 c5 2. d4 cxd4 3. c3 d3 4. Nf3 Nc6 5. Bf4 e6 6. Nbd2 Nf6 7. Bxd3 Bc5 8. O-O O-O 9. Qc2 Nh5 10. Bg3 Nxg3 11. hxg3 h6 12. Nb3 Bb6 13. Nbd4 Bxd4 14. cxd4 Nb4 15. Qe2 Nxd3 16. Qxd3 d6 17. Rac1 Bd7 18. Rc3 Qb6 19. Qd2 Rac8 20. Rfc1 Rc6 21. d5 Rxc3 22. bxc3 e5 23. Qc2 f5 24. c4 fxe4 25. Qxe4 Bf5 26. Qe2 Bd7 27. Qe4 Bf5 28. Qe2 Bh7 29. Qd2 Qc5 30. Qb2 b6 31. Ne1 Rf7 32. a4 g5 33. Nf3 Bg6 34. Nh2 Kh7 35. Ng4 a6 36. Ne3 Rc7 37. Rc3 b5 38. axb5 axb5 39. Qc1 b4 40. Rb3 Ra7 41. Qb2 Ra4 42. Kh2 Qa5 43. Qd2 Qc5 44. Qb2 h5 45. Qd2 Qd4 46. Qe2 Qc5 47. Qd2 Qa5 48. Qe1 Qc5 49. Qd2 Qd4 50. Qe2 Qa1 51. Nf5 Bxf5 52. Qxh5+ Kg7 53. Qxg5+ Bg6 54. Qe7+ Kh6 55. g4 Ra3 56. Rxb4 Qc1 57. Qg7+ Kxg7 58. Rb7+ Bf7 1/2-1/2

[Event "GER-ch Youth U10 2020"]
[Site "Willingen"]
[Date "2020.10.31"]
[Round "7.4"]
[White "Dordevic, Tom"]
[Black "Burkart, Lloyd Shang"]
[Result "1/2-1/2"]
[ECO "A47"]
[WhiteElo "1535"]
[BlackElo "1508"]
[Annotator "NA RC"]
[PlyCount "51"]
[EventDate "2020.10.27"]
[EventType "swiss"]
[EventRounds "7"]
[EventCountry "GER"]
[SourceTitle "playchess.com"]
[Source "ChessBase"]
[SourceQuality "1"]
[TimeControl "40/4500+30:900+30"]

1. d4 Nf6 2. Nf3 b6 3. Bf4 Ba6 4. Nbd2 d5 5. e3 Bxf1 6. Nxf1 e6 7. Ng3 Bd6 8. Ne5 O-O 9. h4 Ne4 10. Nxe4 dxe4 11. g4 c5 12. c3 cxd4 13. Qxd4 f6 14. Nc4 Bxf4 15. Qxd8 Rxd8 16. exf4 Na6 17. b3 Rd3 18. Rc1 Rc8 19. Ke2 b5 20. Nd2 Rdxc3 21. Rxc3 Rxc3 22. Nxe4 Rc2+ 23. Ke3 Rxa2 24. Rd1 Ra3 25. g5 Rxb3+ 26. Ke2 1/2-1/2

[Event "GER-ch Youth U10 2020"]
[Site "Willingen"]
[Date "2020.10.31"]
[Round "7.5"]
[White "Malinowsky, Levi"]
[Black "Kullmann, Max"]
[Result "1/2-1/2"]
[ECO "A06"]
[WhiteElo "1606"]
[BlackElo "1375"]
[Annotator "NA RC"]
[PlyCount "75"]
[EventDate "2020.10.27"]
[EventType "swiss"]
[EventRounds "7"]
[EventCountry "GER"]
[SourceTitle "playchess.com"]
[Source "ChessBase"]
[SourceQuality "1"]
[TimeControl "40/4500+30:900+30"]

1. Nf3 d5 2. d3 Nc6 3. Nbd2 e5 4. e4 Nf6 5. g3 Bg4 6. Bg2 Bd6 7. c3 O-O 8. O-O Re8 9. Re1 Qe7 10. Nf1 Rad8 11. Qe2 dxe4 12. dxe4 Bc5 13. h3 Bh5 14. g4 Bg6 15. Ng3 h6 16. g5 hxg5 17. Bxg5 Qe6 18. Nh4 Bh7 19. Nhf5 Ne7 20. Bxf6 Qxf6 21. Nh5 Qg5 22. Nfxg7 Rd2 23. Nxe8 Rxe2 24. Nhf6+ Kh8 25. Rxe2 Ng8 26. Nxg8 Qxg8 27. Nf6 Qg6 28. Nxh7 Qxh7 29. Rd1 Qh4 30. Rd5 Bd6 31. Re3 Kg8 32. c4 b6 33. Kf1 Kf8 34. Ke2 Ke7 35. Rg3 Qf6 36. Rgd3 Qh6 37. Rd1 Qh5+ 38. Ke1 1/2-1/2

[Event "GER-ch Youth U10 2020"]
[Site "Willingen"]
[Date "2020.10.31"]
[Round "7.6"]
[White "Braun, Julian"]
[Black "Middendorf, Sven-Jonas"]
[Result "0-1"]
[ECO "C54"]
[WhiteElo "1441"]
[BlackElo "1355"]
[Annotator "NA RC"]
[PlyCount "62"]
[EventDate "2020.10.27"]
[EventType "swiss"]
[EventRounds "7"]
[EventCountry "GER"]
[SourceTitle "playchess.com"]
[Source "ChessBase"]
[SourceQuality "1"]
[TimeControl "40/4500+30:900+30"]

1. e4 e5 2. Nf3 Nc6 3. Bc4 Bc5 4. c3 Nf6 5. d4 exd4 6. e5 d5 7. Bb5 Ne4 8. cxd4 Bb6 9. Nc3 Nxc3 10. Bxc6+ bxc6 11. bxc3 Ba5 12. Qc2 Bf5 13. Qb3 Bd3 14. Bd2 Rb8 15. Qa4 Rb5 16. c4 Bxd2+ 17. Nxd2 dxc4 18. Nxc4 Qd5 19. Ne3 Ra5 20. Qb4 Qb5 21. Qxb5 Bxb5 22. Kd2 O-O 23. Rhc1 Rd8 24. Nc2 c5 25. Ke3 cxd4+ 26. Nxd4 Ra3+ 27. Nb3 Rd3+ 28. Ke4 Ra4+ 29. Kf5 Bd7+ 30. Kg5 h6+ 31. Kh5 Bg4+ 0-1

[Event "GER-ch Youth U10 2020"]
[Site "Willingen"]
[Date "2020.10.31"]
[Round "7.7"]
[White "Marcziter, Alex"]
[Black "Aniol, Nico"]
[Result "1-0"]
[ECO "C59"]
[WhiteElo "1401"]
[BlackElo "1417"]
[Annotator "NA RC"]
[PlyCount "137"]
[EventDate "2020.10.27"]
[EventType "swiss"]
[EventRounds "7"]
[EventCountry "GER"]
[SourceTitle "playchess.com"]
[Source "ChessBase"]
[SourceQuality "1"]
[TimeControl "40/4500+30:900+30"]

1. e4 e5 2. Nf3 Nc6 3. Bc4 Nf6 4. Ng5 d5 5. exd5 Na5 6. Bb5+ c6 7. dxc6 bxc6 8. Be2 h6 9. Nf3 e4 10. Ne5 Bd6 11. d4 exd3 12. Nxd3 Qc7 13. g3 Bh3 14. Bf4 Rd8 15. Nd2 O-O 16. Bxd6 Rxd6 17. Nf4 Bf5 18. O-O Rfd8 19. Bd3 g5 20. Nh5 Bxd3 21. cxd3 Nh7 22. Qc2 Rxd3 23. Ne4 Nb7 24. Rfe1 c5 25. Nef6+ Nxf6 26. Nxf6+ Kh8 27. Rad1 Qd6 28. Rxd3 Qxd3 29. Qxd3 Rxd3 30. Re7 Nd6 31. Rxa7 Kg7 32. Nd7 Nb5 33. Rb7 Nd6 34. Rb8 c4 35. Ne5 Rd1+ 36. Kg2 Re1 37. Nf3 Re2 38. Nd4 Rd2 39. Nc6 g4 40. Ne5 h5 41. Rd8 Kf6 42. Nc6 Ke6 43. Rb8 Ne4 44. Re8+ Kf5 45. Re5+ Kf6 46. Rxe4 Rxb2 47. a4 c3 48. Rc4 c2 49. Nd4 c1=Q 50. Rxc1 Rb4 51. Ne2 Rxa4 52. Nf4 Kg5 53. Rc5+ f5 54. Rc6 Rxf4 55. gxf4+ Kxf4 56. Rc4+ Kg5 57. f3 Kh4 58. fxg4 fxg4 59. Rc5 g3 60. hxg3+ Kg4 61. Rc4+ Kg5 62. Kf3 Kf5 63. Rc5+ Kg6 64. Kf4 Kh6 65. Rc6+ Kg7 66. Kg5 h4 67. gxh4 Kg8 68. Kf6 Kh8 69. Kg6 1-0

[Event "GER-ch Youth U10 2020"]
[Site "Willingen"]
[Date "2020.10.31"]
[Round "7.8"]
[White "Schuricht, Emil Frederick"]
[Black "Krstovic, Marko"]
[Result "1-0"]
[ECO "E20"]
[WhiteElo "1451"]
[BlackElo "1443"]
[Annotator "NA RC"]
[PlyCount "43"]
[EventDate "2020.10.27"]
[EventType "swiss"]
[EventRounds "7"]
[EventCountry "GER"]
[SourceTitle "playchess.com"]
[Source "ChessBase"]
[SourceQuality "1"]
[TimeControl "40/4500+30:900+30"]

1. d4 Nf6 2. c4 e6 3. Nc3 Bb4 4. f3 c5 5. a3 Bxc3+ 6. bxc3 b6 7. e4 d5 8. cxd5 exd5 9. e5 Nfd7 10. f4 Bb7 11. Nf3 cxd4 12. cxd4 Nc6 13. Bd3 O-O 14. Bxh7+ Kxh7 15. Ng5+ Kh6 16. Qg4 Nf6 17. Qh4+ Nh5 18. f5 Qe7 19. Ne4+ Kh7 20. Qxh5+ Kg8 21. f6 Qe6 22. Qg5 1-0

[Event "GER-ch Youth U10 2020"]
[Site "Willingen"]
[Date "2020.10.31"]
[Round "7.9"]
[White "Aweh, Mads"]
[Black "Geist, Tim"]
[Result "0-1"]
[ECO "A40"]
[WhiteElo "1328"]
[BlackElo "1578"]
[Annotator "NA RC"]
[PlyCount "126"]
[EventDate "2020.10.27"]
[EventType "swiss"]
[EventRounds "7"]
[EventCountry "GER"]
[SourceTitle "playchess.com"]
[Source "ChessBase"]
[SourceQuality "1"]
[TimeControl "40/4500+30:900+30"]

1. d4 e6 2. Bf4 d5 3. e3 c5 4. c3 Nf6 5. Nf3 Bd6 6. Bxd6 Qxd6 7. Bd3 O-O 8. O-O b6 9. Nbd2 Nbd7 10. e4 dxe4 11. Nxe4 Nxe4 12. Bxe4 Rb8 13. Qc2 f5 14. Bd3 Bb7 15. Be2 Rbc8 16. dxc5 Nxc5 17. Rad1 Qc7 18. Nd4 Kh8 19. Bc4 e5 20. Ne6 Nxe6 21. Bxe6 Be4 22. Qb3 Rcd8 23. Bd5 Bxd5 24. Rxd5 g6 25. Rfd1 Kg7 26. h3 e4 27. Qb4 Rxd5 28. Rxd5 Qf7 29. Qd4+ Qf6 30. Rd7+ Rf7 31. Rxf7+ Kxf7 32. Qxf6+ Kxf6 33. Kf1 Ke5 34. Ke2 f4 35. g3 g5 36. b3 a6 37. a3 h6 38. Kd2 Kd5 39. Ke2 b5 40. Kd2 a5 41. Ke2 Kc5 42. h4 a4 43. hxg5 hxg5 44. bxa4 bxa4 45. gxf4 gxf4 46. f3 e3 47. Kd1 Kc4 48. Kc2 e2 49. Kd2 e1=Q+ 50. Kxe1 Kxc3 51. Ke2 Kc2 52. Ke1 Kd3 53. Kd1 Ke3 54. Kc2 Kxf3 55. Kc3 Ke2 56. Kb4 f3 57. Kxa4 f2 58. Ka5 f1=Q 59. a4 Qb1 60. Ka6 Kd3 61. a5 Kc4 62. Ka7 Kc5 63. Ka8 Qh7 0-1

[Event "GER-ch Youth U10 2020"]
[Site "Willingen"]
[Date "2020.10.31"]
[Round "7.10"]
[White "Xue, Luka"]
[Black "Bangert, Jonas"]
[Result "0-1"]
[ECO "B14"]
[WhiteElo "1473"]
[BlackElo "1549"]
[Annotator "NA RC"]
[PlyCount "72"]
[EventDate "2020.10.27"]
[EventType "swiss"]
[EventRounds "7"]
[EventCountry "GER"]
[SourceTitle "playchess.com"]
[Source "ChessBase"]
[SourceQuality "1"]
[TimeControl "40/4500+30:900+30"]

1. e4 c6 2. d4 d5 3. exd5 cxd5 4. c4 e6 5. Nc3 Nf6 6. Nf3 Be7 7. Bf4 O-O 8. Bd3 dxc4 9. Bxc4 a6 10. a4 Bd7 11. O-O Bc6 12. Ne5 Qb6 13. Qd3 Rd8 14. Be3 Bd5 15. a5 Qc7 16. Bxd5 Nxd5 17. Ne4 Nc6 18. Rfc1 Nxe5 19. dxe5 Qxe5 20. Bd4 Qb8 21. Qf3 Qf4 22. Qxf4 Nxf4 23. Bb6 Rd7 24. Rd1 Nd5 25. Bd4 Rc8 26. Rac1 Rxc1 27. Rxc1 Nf4 28. Rd1 Ne2+ 29. Kf1 Rxd4 30. Kxe2 Rxe4+ 31. Kf3 Rb4 32. Rd7 Bf8 33. Rd2 Rb5 34. Ke4 Rxa5 35. b3 Rb5 36. Rd3 f6 0-1

[Event "GER-ch Youth U10 2020"]
[Site "Willingen"]
[Date "2020.10.31"]
[Round "7.11"]
[White "Stichter, Constantin"]
[Black "Kullmann, Theo"]
[Result "0-1"]
[ECO "C45"]
[WhiteElo "1476"]
[BlackElo "1632"]
[Annotator "NA RC"]
[PlyCount "58"]
[EventDate "2020.10.27"]
[EventType "swiss"]
[EventRounds "7"]
[EventCountry "GER"]
[SourceTitle "playchess.com"]
[Source "ChessBase"]
[SourceQuality "1"]
[TimeControl "40/4500+30:900+30"]

1. e4 e5 2. Nf3 Nc6 3. d4 exd4 4. Nxd4 Bc5 5. Be3 Bb6 6. Nf5 Qf6 7. Nc3 Nge7 8. Bxb6 axb6 9. Nxe7 Nxe7 10. Bc4 O-O 11. O-O d6 12. Qd2 Qg6 13. f3 Bd7 14. Rad1 Ra5 15. Ne2 h5 16. a3 h4 17. Kh1 Qf6 18. c3 Ng6 19. f4 Bc6 20. Bd3 Re8 21. Qc2 Qe7 22. Nd4 h3 23. Nxc6 hxg2+ 24. Kxg2 bxc6 25. Kh1 Qh4 26. Qf2 Qh6 27. Rd2 Rh5 28. Qg3 Rh4 29. Rdf2 Rh3 0-1

[Event "GER-ch Youth U10 2020"]
[Site "Willingen"]
[Date "2020.10.31"]
[Round "7.12"]
[White "Zhang, Yibo"]
[Black "Mandalka, Justus"]
[Result "0-1"]
[ECO "B34"]
[WhiteElo "1299"]
[BlackElo "1437"]
[Annotator "NA RC"]
[PlyCount "119"]
[EventDate "2020.10.27"]
[EventType "swiss"]
[EventRounds "7"]
[EventCountry "GER"]
[SourceTitle "playchess.com"]
[Source "ChessBase"]
[SourceQuality "1"]
[TimeControl "40/4500+30:900+30"]

1. e4 c5 2. Nf3 Nc6 3. d4 cxd4 4. Nxd4 g6 5. Nc3 Bg7 6. Be3 d6 7. Bc4 a6 8. O-O e6 9. Re1 Nge7 10. Bb3 O-O 11. Qd2 Re8 12. Rad1 d5 13. Qe2 Nxd4 14. Bxd4 e5 15. Bc5 d4 16. Nd5 Nxd5 17. Bxd5 Qc7 18. Ba3 Be6 19. Bxe6 Rxe6 20. Rd3 Rc6 21. b3 Rxc2 22. Rd2 Rc8 23. g3 Bh6 24. Rxc2 Qxc2 25. Qxc2 Rxc2 26. Bd6 f6 27. Rd1 Re2 28. f3 Be3+ 29. Kf1 Rxh2 30. f4 Rf2+ 31. Ke1 exf4 32. Bxf4 Rxa2 33. Bxe3 dxe3 34. Rd8+ Kg7 35. Rd7+ Kh6 36. Rxb7 Rb2 37. Rb6 Kg5 38. Rxa6 Rxb3 39. Ke2 h5 40. Rd6 f5 41. e5 Rb5 42. Re6 f4 43. gxf4+ Kxf4 44. Rxg6 Rxe5 45. Rd6 h4 46. Rh6 Kg3 47. Rh8 h3 48. Rh7 Kg2 49. Rh8 h2 50. Rg8+ Kh3 51. Rh8+ Kg3 52. Rh7 Re4 53. Rg7+ Kh3 54. Kf3 h1=Q+ 55. Ke2 Qg2+ 56. Rxg2 Kxg2 57. Kd1 e2+ 58. Ke1 Re8 59. Kd2 e1=Q+ 60. Kc2 0-1

[Event "GER-ch Youth U10 2020"]
[Site "Willingen"]
[Date "2020.10.31"]
[Round "7.13"]
[White "Herrmann, Arthur"]
[Black "Barthel, Jacob"]
[Result "1/2-1/2"]
[ECO "C88"]
[WhiteElo "1151"]
[BlackElo "1231"]
[Annotator "NA RC"]
[PlyCount "54"]
[EventDate "2020.10.27"]
[EventType "swiss"]
[EventRounds "7"]
[EventCountry "GER"]
[SourceTitle "playchess.com"]
[Source "ChessBase"]
[SourceQuality "1"]
[TimeControl "40/4500+30:900+30"]

1. e4 e5 2. Nf3 Nc6 3. Bb5 a6 4. Ba4 Nf6 5. O-O Be7 6. Re1 b5 7. Bb3 d6 8. c3 Bg4 9. h3 Bh5 10. d3 O-O 11. Be3 Na5 12. Bc2 Nc6 13. Qe2 Re8 14. Nbd2 d5 15. Nf1 d4 16. cxd4 exd4 17. Bf4 Nb4 18. Bb3 a5 19. a3 a4 20. Bd1 Nc6 21. Rc1 Ra6 22. Ng3 Bxf3 23. Qxf3 Bd6 24. Bxd6 Qxd6 25. Nf5 Qe5 26. Qg3 Qxg3 27. Nxg3 Re7 1/2-1/2

[Event "GER-ch Youth U10 2020"]
[Site "Willingen"]
[Date "2020.10.31"]
[Round "7.14"]
[White "Theviot, Luca"]
[Black "Nönnig, Jakob"]
[Result "1-0"]
[ECO "D04"]
[WhiteElo "1423"]
[BlackElo "1442"]
[Annotator "NA RC"]
[PlyCount "195"]
[EventDate "2020.10.27"]
[EventType "swiss"]
[EventRounds "7"]
[EventCountry "GER"]
[SourceTitle "playchess.com"]
[Source "ChessBase"]
[SourceQuality "1"]
[TimeControl "40/4500+30:900+30"]

1. d4 Nf6 2. Nf3 d5 3. e3 Bf5 4. Bd3 Bg6 5. O-O Nbd7 6. Nbd2 e6 7. Re1 c5 8. Bxg6 hxg6 9. e4 dxe4 10. Nxe4 Nxe4 11. Rxe4 cxd4 12. Nxd4 Qc7 13. Nf3 Bd6 14. h3 Nf6 15. Re1 Rd8 16. Qe2 Nd5 17. Bg5 Rd7 18. Rad1 O-O 19. c3 Re8 20. Rxd5 Bh2+ 21. Nxh2 Rxd5 22. Nf3 Qa5 23. b4 Qc7 24. c4 Rd7 25. c5 f6 26. Bd2 e5 27. Rc1 Red8 28. Qc4+ Kh7 29. Be1 Rd1 30. Qc2 R1d3 31. Nd2 Qc6 32. Nc4 R3d7 33. Nd6 b6 34. a3 bxc5 35. bxc5 Rb8 36. Bb4 f5 37. Kh2 Re7 38. Rg1 Rf8 39. g4 fxg4 40. Rxg4 Rf6 41. Rh4+ Kg8 42. Qe4 Qxe4 43. Nxe4 Rc6 44. Kg2 Kf7 45. Nd6+ Ke6 46. Rg4 Kd7 47. Rc4 Re6 48. Rc3 a6 49. Kf3 Rf6+ 50. Ke3 Rf4 51. Nb7 Rh4 52. Ke2 Rf4 53. Na5 Rc7 54. c6+ Ke6 55. Rd3 Rd4 56. Rxd4 exd4 57. Kd3 Kd5 58. Bd2 Kc5 59. Bf4 Rc8 60. c7 Kb6 61. Nb3 Kb7 62. Nxd4 a5 63. Nb5 Kb6 64. Nc3 Kc6 65. Kd4 g5 66. Bg3 g6 67. a4 Kb7 68. Nd5 Ra8 69. Ne7 Re8 70. c8=Q+ Rxc8 71. Nxc8 Kxc8 72. Kc5 Kb7 73. Kb5 Ka8 74. Kxa5 Ka7 75. Kb5 Kb7 76. Kc5 Ka6 77. Kd6 Ka5 78. Ke6 Kxa4 79. Kf6 Kb5 80. Kxg5 Kc5 81. Kxg6 Kd5 82. h4 Ke6 83. h5 Ke7 84. Kg7 Ke6 85. h6 Kf5 86. h7 Kg4 87. h8=Q Kf5 88. Qh5+ Ke4 89. Kf6 Kd4 90. Qe5+ Kc4 91. Qd6 Kc3 92. Ke5 Kc4 93. Qd4+ Kb3 94. Qc5 Kb2 95. Kd4 Kb1 96. Kd3 Kb2 97. Qc2+ Ka1 98. Be5# 1-0